 Dungeon Crawl Stone Soup version 0.28-a0-1389-gc726bef33b (webtiles) character file.

Game seed: 12661058718016024783

16692 fragbeetle the Cleaver (level 12, 0/106 HPs)
             Began as a Hill Orc Cinder Acolyte on Jan 3, 2022.
             Was a Follower of Ignis.
             Slain by an ice devil (17 damage)
             ... in an ice cave.
             The game lasted 01:07:33 (15523 turns).

fragbeetle the Cleaver (Hill Orc Cinder Acolyte)   Turns: 15523, Time: 01:07:35

Health: 0/106      AC: 26    Str: 26    XL:     12   Next: 40%
Magic:  12/20      EV: 12    Int: 20    God:    Ignis [*.....]
Gold:   797        SH:  5    Dex: 14    Spells: 4/22 levels left

rFire   + . .      SeeInvis .   a - +6 hand axe
rCold   . . .      Faith    .   D - +0 buckler
rNeg    . . .      Spirit   .   K - +3 swamp dragon scales
rPois   +          Reflect  .   v - +0 helmet
rElec   .          Harm     .   d - +0 cloak
rCorr   +          Rampage  .   X - +2 pair of gloves
Will    .....                   k - +0 pair of boots of Taetog {rCorr Str+6}
Stlth   +.........              j - amulet of regeneration
HPRegen 1.07/turn               c - +6 ring of intelligence
MPRegen 0.17/turn               B - +6 ring of dexterity

@: fiery-armoured
A: no striking features
a: Renounce Religion, Fiery Armour, Foxfire Swarm, Rising Flame


You were in an ice cave.
You worshipped Ignis.
Ignis was aware of your devotion.
You visited 3 branches of the dungeon, and saw 16 of its levels.
You also visited: Ossuary and Ice Cave.

You collected 797 gold pieces.

Inventory:

Hand Weapons
 a - a +6 hand axe (weapon)
 b - a +0 hunting sling
 s - a -1 hand axe of flaming
 U - a +6 morningstar
 V - a +3 hand axe of freezing
Missiles
 h - 403 stones
 o - 2 throwing nets
 w - 7 curare-tipped darts
 z - 28 poisoned darts (quivered)
 E - 83 sling bullets
Armour
 d - a +0 cloak (worn)
 k - the +0 pair of boots of Taetog (worn) {rCorr Str+6}
   (You acquired it on level 7 of the Dungeon)

   Str:       It affects your strength (+6).
   rCorr:     It protects you from acid and corrosion.
 v - a +0 helmet (worn)
 D - a +0 buckler (worn)
 K - +3 swamp dragon scales (worn)
 N - a +2 robe of the Archmagi
 X - a +2 pair of gloves (worn)
Magical Staves
 A - a staff of fire
 L - a staff of death
Jewellery
 c - a +6 ring of intelligence (left hand)
 j - an amulet of regeneration (around neck)
 p - an amulet of guardian spirit
 B - a +6 ring of dexterity (right hand)
Wands
 r - a wand of acid (6)
 t - a wand of flame (3)
 y - a wand of iceblast (29)
 H - a wand of mindburst (7)
 O - a wand of paralysis (17)
 Y - a wand of digging (4)
Scrolls
 i - 2 scrolls of blinking
 m - a scroll of magic mapping
 x - 5 scrolls of teleportation
 C - a scroll of amnesia
 F - a scroll of enchant armour
 I - 2 scrolls of fear
 M - 2 scrolls of holy word
 P - 5 scrolls of immolation
 T - 2 scrolls of summoning
Potions
 e - 3 potions of haste
 f - a potion of berserk rage
 g - 2 potions of brilliance
 l - 2 potions of curing
 n - 3 potions of flight
 q - 2 potions of ambrosia
 u - a potion of attraction {unknown}
 G - 4 potions of magic
 J - 2 potions of mutation
 Q - a potion of cancellation
 S - 3 potions of lignification
 W - a potion of might
 Z - a potion of invisibility


   Skills:
 + Level 10.0 Fighting
 * Level 11.3(12.1) Axes
 - Level 5.9(8.5) Maces & Flails
 - Level 7.0 Armour
 + Level 2.8 Dodging
 - Level 4.0 Shields
 + Level 5.8 Spellcasting
 + Level 3.2 Conjurations
 + Level 6.0 Fire Magic
 - Level 4.3 Air Magic
 + Level 3.3 Earth Magic
 + Level 6.4 Evocations


You had 4 spell levels left.
You knew the following spells:

 Your Spells              Type           Power      Damage    Failure   Level
a - Scorch                Fire           60%        2d8       1%          2
b - Corpse Rot            Necr/Air       28%        N/A       10%         2
c - Iron Shot             Conj/Erth      9%         9d3       99%         6
d - Conjure Flame         Conj/Fire      24%        6-21      7%          3
e - Foxfire               Conj/Fire      96%        2x1d8     2%          1
f - Flame Wave            Conj/Fire      24%        2d6       22%         4

Your spell library contained the following spells:

 Spells                   Type           Power      Damage    Failure   Level
 Poisonous Vapours        Pois/Air       28%        N/A       10%         2
 Inner Flame              Hex/Fire       17%        N/A       13%         3
 Sting                    Tmut/Pois      20%        1d4       16%         1
 Sublimation of Blood     Necr           5%         N/A       22%         2
 Confusing Touch          Hex            5%         N/A       41%         3
 Frozen Ramparts          Ice            10%        1d3       41%         3
 Animate Armour           Summ/Erth      24%        N/A       58%         4
 Petrify                  Tmut/Erth      12%        N/A       58%         4
 Ice Form                 Ice/Tmut       5%         N/A       83%         4
 Olgreb's Toxic Radiance  Pois           5%         N/A       83%         4
 Summon Ice Beast         Ice/Summ       5%         N/A       83%         4
 Irradiate                Conj/Tmut      6%         3d16      91%         5
 Blade Hands              Tmut           2%         N/A       99%         5
 Yara's Violent Unravell  Hex/Tmut       2%         3d3       99%         5
 Enfeeble                 Hex            2%         N/A       100%        7


Dungeon Overview and Level Annotations

Branches:
Dungeon (11/15)            Temple (1/1) D:6            Lair (4/6) D:11
  Snake (0/4) Lair:3       Spider (0/4) Lair:4      Ossuary (visited)
  IceCv (1/1)
    Orc: D:9-12

Altars:
Ashenzari
Cheibriados
Dithmenos
Elyvilon
Fedhas
Gozag
Hepliaklqana
Kikubaaqudgha
Makhleb
Nemelex Xobeh
Okawaru
Qazlal
Ru
Sif Muna
Trog
Uskayaw
Vehumet
Wu Jian
Xom
Yredelemnul
Zin
The Shining One

Shops:
D:3 (

Annotations:
Lair:2 2 transporters, bande's ghost, journeyman GrFi IceCv exclusion: 2 ice statues


Message History

You are engulfed in freezing vapours.
Casting: Conjure Flame (mildly dangerous; 7% risk of failure)
Confirm with . or Enter, or press ? or * to list all spells.
The fire begins to smoulder!
The fire ignites!
Casting: Conjure Flame (mildly dangerous; 7% risk of failure)
Confirm with . or Enter, or press ? or * to list all spells.
Flames lash the ice devil.
The ice devil is burned terribly!
The ice devil is moderately wounded.
The ice devil's fire resistance burns away.
Casting: Scorch (safe; 1% risk of failure)
Confirm with . or Enter, or press ? or * to list all spells.
Flames lash the ice devil.
The ice devil is burned terribly!
The ice devil is moderately wounded.
The ice devil's fire resistance burns away.
You hit the ice devil but do no damage.
The ice devil is moderately wounded.
You block the ice devil's attack.
You closely miss the ice devil.
The ice devil is moderately wounded.
The ice devil is no longer more vulnerable to fire.
The ice devil closely misses you.
You barely miss the ice devil.
The ice devil is moderately wounded.
The ice devil hits you. The ice devil freezes you!!
* * * LOW HITPOINT WARNING * * *
A protective cloak of flame settles atop you.
The ice devil hits you but does no damage.
You block the ice devil's attack.
You slash the ice devil!
The ice devil is heavily wounded.
You closely miss the ice devil. You hit the ice devil but do no damage.
The ice devil is heavily wounded.
You hit the ice devil.
The ice devil hits you but does no damage.
The ice devil hits you!
* * * LOW HITPOINT WARNING * * *
The ice devil freezes you!
You die...

#.......# #...∩...#
##.....## ##...##
#...## ##### ##...#
##...###. ##...#
##........ ##...##
#......##.
#.@.######....###..
#44##§§§#4....#....
##.§#§§4☼§#...4.##
##..§##§####...4##
####..##### ###....
#8#....#8# ####.
#..........
#...........
#............


You could see 2 ice devils.

Vanquished Creatures
  A hydra (Lair:3)
  Sonja (Lair:3)
  A harpy (shapeshifter) (D:10)
  An ugly thing (D:11)
  5 cane toads
  Maggie (D:7)
  A rime drake (Lair:1)
  A freezing wraith (D:10)
  An ice devil (IceCv)
  3 komodo dragons
  2 burning bushes (Lair:1)
  A polar bear (Lair:3)
  3 blink frogs (Lair:2)
  Sigmund (D:4)
  2 wyverns
  A vampire (D:11)
  22 yaks
  A wraith (D:11)
  A basilisk (Lair:1)
  Menkaure (D:4)
  2 nagas (Lair:3)
  4 water moccasins
  4 orc warriors
  A black bear (Lair:3)
  A sky beast (D:8)
  2 necrophages (D:5)
  An ice beast (D:5)
  3 centaurs
  2 ogres
  10 wolves
  3 kobold brigands
  7 bullfrogs
  A two-headed ogre simulacrum (IceCv)
  A gnoll sergeant (D:11)
  A scorpion (D:5)
  A cane toad simulacrum (IceCv)
  4 killer bees (D:9)
  3 elephant simulacra (IceCv)
  13 wights
  4 howler monkeys
  2 hounds
  6 centaur zombies
  2 jellies
  4 orc priests
  A bullfrog skeleton (D:5)
  4 iguanas
  6 orc wizards
  3 troll simulacra (IceCv)
  2 spriggan simulacra (IceCv)
  4 mummies
  13 gnolls
  2 naga simulacra (IceCv)
  8 adders
  2 shadow imps
  2 ufetubi (IceCv)
  2 adder skeletons (D:4)
  3 dart slugs
  5 worms
  35 orcs
  8 endoplasms
  4 giant cockroaches
  7 goblins
  14 hobgoblins
  5 jackals
  15 kobolds
  6 quokkas
  6 ball pythons
  6 bats
  9 frilled lizards
  2 gnoll zombies (Ossuary)
  A goblin zombie (Ossuary)
  3 hobgoblin zombies
  2 kobold zombies (Ossuary)
  An orc zombie (Ossuary)
  6 rats
320 creatures vanquished.

Vanquished Creatures (others)
  An orc (D:7)
  55 foxfires
  A fungus (Lair:1)
  3 plants (Lair:1)
60 creatures vanquished.

Grand Total: 380 creatures vanquished

Notes
Turn   | Place    | Note
-------+----------+-------------------------------------------
     0 | D:1      | fragbeetle the Hill Orc Cinder Acolyte began the quest for
                  | the Orb.
     0 | D:1      | Reached XP level 1. HP: 19/19 MP: 2/2
    48 | D:1      | Reached XP level 2. HP: 27/27 MP: 3/3
    62 | D:1      | Learned a level 2 spell: Scorch
   445 | D:1      | Reached XP level 3. HP: 33/33 MP: 4/4
   551 | D:1      | Found a faded altar of an unknown god.
  1410 | D:2      | Reached XP level 4. HP: 40/40 MP: 6/6
  1475 | D:2      | Reached skill level 5 in Axes
  2246 | D:3      | Found a bloodstained altar of Trog.
  2381 | D:3      | Found Teis's Weapon Shoppe.
  2863 | D:3      | Reached XP level 5. HP: 33/47 MP: 7/7
  3351 | D:4      | Noticed Sigmund
  3478 | D:4      | Noticed a kobold brigand
  3597 | D:4      | Reached skill level 1 in Maces & Flails
  3607 | D:4      | Noticed Menkaure
  3916 | D:4      | Killed Sigmund
  3917 | D:4      | Reached skill level 5 in Fighting
  3917 | D:4      | Reached skill level 6 in Axes
  3917 | D:4      | Reached XP level 6. HP: 56/56 MP: 7/9
  4516 | D:5      | Entered Level 5 of the Dungeon
  4521 | D:5      | Reached XP level 7. HP: 16/61 MP: 1/10
  4832 | D:5      | Reached skill level 5 in Fire Magic
  5210 | D:5      | Found an iron altar of Okawaru.
  5286 | D:5      | Reached skill level 7 in Axes
  5286 | D:5      | Reached XP level 8. HP: 59/70 MP: 3/12
  5611 | D:5      | Learned a level 2 spell: Corpse Rot
  6011 | D:5      | Reached skill level 1 in Evocations
  6106 | D:6      | Found a staircase to the Ecumenical Temple.
  6118 | Temple   | Entered the Ecumenical Temple
  6300 | D:6      | Reached skill level 1 in Air Magic
  6316 | D:6      | Reached skill level 1 in Shields
  6971 | D:7      | Reached XP level 9. HP: 46/78 MP: 1/14
  7049 | D:7      | Identified a scroll of acquirement
  7050 | D:7      | Acquired the +0 pair of boots of Taetog {rCorr Str+6}
  7229 | D:7      | Noticed Maggie
  7287 | D:7      | HP: 3/78 [Maggie (4)]
  7290 | D:7      | Killed Maggie
  7291 | D:7      | Reached skill level 8 in Axes
  7704 | D:7      | Reached skill level 5 in Maces & Flails
  8259 | D:8      | Found a sand-covered staircase.
  8266 | Ossuary  | Entered an ossuary
  9011 | D:7      | Reached XP level 10. HP: 78/88 MP: 11/16
  9688 | D:9      | Reached skill level 9 in Axes
  9985 | D:10     | Entered Level 10 of the Dungeon
  9988 | D:10     | Found a shadowy altar of Dithmenos.
  9995 | D:10     | Found an ancient bone altar of Kikubaaqudgha.
 10130 | D:10     | Reached skill level 1 in Armour
 10400 | D:10     | Found a hazy altar of Hepliaklqana.
 10402 | D:10     | Found an ornate altar of the Wu Jian Council.
 10404 | D:10     | Found an opulent altar of Gozag.
 10405 | D:10     | Found a glowing golden altar of the Shining One.
 10411 | D:10     | Found a sacrificial altar of Ru.
 10532 | D:10     | Paralysed by an orc warrior for 2 turns
 10996 | D:11     | Noticed a purple ugly thing
 11009 | D:11     | Killed a purple ugly thing
 11246 | D:11     | Noticed a cyclops
 11246 | D:11     | Noticed a manticore
 11247 | D:11     | Noticed a cane toad
 11247 | D:11     | Noticed a manticore
 11247 | D:11     | Noticed a brown ugly thing
 11247 | D:11     | Noticed a guardian serpent
 11283 | D:11     | Noticed a moth of wrath
 11742 | D:4      | Killed Menkaure
 12116 | D:11     | Noticed a harpy
 12123 | D:10     | Killed a harpy
 12124 | D:10     | Reached skill level 5 in Spellcasting
 12124 | D:10     | Reached skill level 5 in Evocations
 12124 | D:10     | Reached XP level 11. HP: 90/95 MP: 7/18
 12234 | D:11     | Found a staircase to the Lair.
 12273 | Lair:1   | Entered Level 1 of the Lair of Beasts
 12359 | D:11     | Reached skill level 10 in Axes
 12364 | D:11     | Reached skill level 5 in Armour
 12472 | D:11     | Learned a level 6 spell: Iron Shot
 12512 | Lair:1   | Learned a level 3 spell: Conjure Flame
 12514 | Lair:1   | Learned a level 1 spell: Foxfire
 12770 | Lair:1   | Learned a level 4 spell: Flame Wave
 12796 | Lair:1   | Reached skill level 1 in Earth Magic
 12850 | Lair:1   | Reached skill level 1 in Dodging
 12850 | Lair:1   | Reached skill level 1 in Conjurations
 13724 | Lair:2   | Found a transporter.
 13724 | Lair:2   | Noticed bande's ghost (journeyman GrFi)
 13891 | Lair:2   | Noticed a five-headed hydra
 13893 | Lair:2   | Found a transporter.
 14081 | Lair:3   | Noticed an eight-headed hydra
 14089 | Lair:3   | Killed an eight-headed hydra
 14090 | Lair:3   | Reached XP level 12. HP: 90/106 MP: 15/20
 14159 | Lair:3   | Noticed Sonja
 14169 | Lair:3   | Killed Sonja
 14390 | Lair:3   | Found a staircase to the Snake Pit.
 14679 | Lair:3   | Reached skill level 11 in Axes
 15245 | Lair:4   | Found a frozen archway.
 15251 | IceCv    | Entered an ice cave
 15315 | IceCv    | Reached skill level 10 in Fighting
 15523 | IceCv    | Slain by an ice devil

Illustrated notes

Levels and vault maps discovered:
D:1:      scummos_arrival_hexagon, layout_loops_ring,
          ebering_ecumenical_altar_webs
D:2:      layout_loops_corners
D:3:      layout_basic, trog_butcher_becter, serial_glass, glass_columns_b,
          glass_columns_c, glass_columns_a, glass_columns_a, glass_columns_b,
          glass_columns_b, glass_columns_a, glass_columns_c, glass_columns_a,
          glass_columns_a, glass_columns_b, glass_columns_b, glass_columns_a,
          glass_columns_c, serial_shops, nicolae_shop_bloodbath_and_beyond
D:4:      layout_basic, sigmund_army, uniq_menkaure, uniq_sigmund
D:5:      layout_basic, okawaru_altar_gauntlet_db
D:6:      layout_rooms, minmay_temple_entry_antechambers
D:7:      layout_basic, grunt_decor_resistance, uniq_maggie
D:8:      layout_gridville, nicolae_ossuary_entry_giza
D:9:      layout_irregular_city
D:10:     layout_roguey, mainiacjoe_overflow_large_starburst,
          nicolae_overflow_hallway_of_the_gods
D:11:     minmay_the_grid_triangle_9x9_rhombus_thin
          [minmay_the_grid_triangle_9x9_skeleton,
          minmay_the_grid_triangle_9x9_prize_top_heavy,
          minmay_the_grid_triangle_9x9_minimal,
          minmay_the_grid_triangle_9x9_zippers_vertical], layout_irregular_city
Temple:   cyrus_circular_temple
Lair:1:   layout_roguey, chequers_serial_rivers_room_a, evilmike_ambush
          [evilmike_ambush_outer_basic, evilmike_ambush_inner_basic],
          grunt_megastairs_2
Lair:2:   layout_misc_corridors, gammafunk_ghost_arena
Lair:3:   layout_cave_pods, guppyfry_snake_entry_island, uniq_sonja
Lair:4:   minmay_guarded_unrand_snakebite, layout_regular_city,
          dummy_spider_entry, portal_ice_cave_entry_pillars_2,
          beast_lair_carwin_9, lemuel_fruit_tree
IceCv:    ice_cave_small_demon

Skill      XL: |  1  2  3  4  5  6  7  8  9 10 11 12 |
---------------+-------------------------------------+-----
Fighting       | 4 5 6 7 8 9 10 | 10.0
Axes           | 5 6 7 8 9 10 11 | 11.3
Fire Magic     | 4 5 6 |  6.0
Maces & Flails | 2 3 4 5 |  5.9
Spellcasting   | 2 3 4 5 |  5.8
Evocations     | 2 3 5 6 |  6.4
Air Magic      | 1 3 4 |  4.3
Shields        | 1 3 4 |  4.0
Armour         | 4 6 7 |  7.0
Earth Magic    | 2 3 |  3.3
Dodging        | 2 |  2.8
Conjurations   | 2 3 |  3.2

Action                   |  1- 3 |  4- 6 |  7- 9 | 10-12 || total
-------------------------+-------+-------+-------+-------++-------
Melee: Hand axe          |   100 |   166 |   241 |   419 ||   926
 Fire: Hunting sling     |       |       |    36 |    16 ||    52
Throw: Stone             |       |    12 |    14 |     2 ||    28
       Dart              |       |       |     5 |    39 ||    44
 Cast: Scorch            |     6 |    27 |   102 |   149 ||   284
       Corpse Rot        |       |       |     2 |     1 ||     3
       Foxfire           |       |       |       |     5 ||     5
       Flame Wave        |       |       |       |     4 ||     4
       Conjure Flame     |       |       |       |     5 ||     5
Invok: Foxfire Swarm     |       |     1 |     2 |       ||     3
       Fiery Armour      |       |       |     2 |     4 ||     6
Evoke: Wand              |       |       |     5 |     7 ||    12
  Use: Scroll            |       |       |    16 |    12 ||    28
       Potion            |       |       |     2 |     3 ||     5
Armor: Robe              |    21 |    42 |    34 |       ||    97
       Swamp dragon scal |       |       |    37 |   179 ||   216
Dodge: Dodged            |    48 |   102 |   124 |   240 ||   514
Block: Buckler           |       |       |       |    93 ||    93

Table legend: (Time is in decaauts)
 A = Elapsed time spent in this place.
 B = Non-inter-level travel time spent in this place.
 C = Inter-level travel time spent in this place.
 D = Time resting spent in this place.
 E = Time spent auto-exploring this place.
 F = Levels seen in this place.
 G = Mean time per level.
                   A        B        C        D        E       F      G
               +--------+--------+--------+--------+--------+-----+--------+
         Total |  15438 |  14619 |    819 |   2510 |   5724 |  18 |  857.7 |
       Dungeon |  12135 |  11377 |    758 |   2129 |   4546 |  11 | 1103.2 |
        Temple |     68 |     68 |      0 |      0 |     42 |   1 |   68.0 |
          Lair |   2730 |   2669 |     61 |    220 |   1136 |   4 |  682.5 |
       Ossuary |    242 |    242 |      0 |     31 |      0 |   1 |  242.0 |
      Ice Cave |    261 |    261 |      0 |    130 |      0 |   1 |  261.0 |
               +--------+--------+--------+--------+--------+-----+--------+

Top non-repeatable levels by time:
     D:3: 2070 daAuts
     D:5: 1690 daAuts
     D:7: 1363 daAuts
     D:2: 1299 daAuts
  Lair:3: 1149 daAuts
  Lair:1: 1101 daAuts
    D:10: 970 daAuts
     D:4: 908 daAuts
     D:9: 816 daAuts
    D:11: 810 daAuts
     D:1: 787 daAuts
     D:8: 711 daAuts
     D:6: 706 daAuts
  Lair:2: 458 daAuts
   IceCv: 261 daAuts
